 Dungeon Crawl Stone Soup version 0.30-a0-702-gdf48620a09 (webtiles) character file.

Game seed: 13536600947748640200

2724 lessens the Grappler (level 9, -2/84 HPs)
             Began as a Troll Wanderer on Jan 21, 2023.
             Was a Priest of Okawaru.
             Slain by a yak (10 damage)
             ... on level 10 of the Dungeon.
             The game lasted 00:09:14 (6444 turns).

lessens the Grappler (Troll Wanderer)               Turns: 6444, Time: 00:09:15

Health: -2/84      AC:  5    Str: 25    XL:     9   Next: 40%
Magic:  9/11       EV: 11    Int:  8    God:    Okawaru [***...]
Gold:   467        SH:  0    Dex: 10    Spells: 11/12 levels left

rFire   . . .      SeeInvis .      - Unarmed
rCold   . . .      Faith    .    (no shield)
rNeg    . . .      Spirit   .    d - +0 robe
rPois   .          Reflect  .    (helmet restricted)
rElec   .          Harm     .    b - +0 cloak
rCorr   .          Rampage  .    (gloves unavailable)
Will    .....                    (boots unavailable)
Stlth   +++                      (no amulet)
HPRegen 1.14/turn                (no ring)
MPRegen 0.12/turn                (no ring)

@: heroic
A: large, unfitting armour, claws 3, regeneration 1, shaggy fur 1, tough skin 1
a: Renounce Religion, Heroism


You were on level 10 of the Dungeon.
You worshipped Okawaru.
Okawaru was most pleased with you.
You visited 1 branch of the dungeon, and saw 11 of its levels.

You collected 467 gold pieces.

Inventory:

Hand Weapons
 a - a +2 falchion
Missiles
 h - 64 stones
 H - 2 boomerangs
 O - 12 poisoned darts
 Q - 3 large rocks (quivered)
Armour
 b - a +0 cloak (worn)
 d - a +0 robe (worn)
 g - +0 fire dragon scales
 s - a +2 hat
 C - a +0 hat
Jewellery
 f - a ring of positive energy
 D - a +6 ring of strength
 J - an amulet of faith
 N - a +6 ring of dexterity
Wands
 m - a wand of polymorph (4)
 r - a wand of paralysis (10)
 u - a wand of iceblast (11)
Scrolls
 c - 2 scrolls of vulnerability
 n - 3 scrolls of magic mapping {unknown}
 o - 2 scrolls of fog {unknown}
 t - a scroll of torment {unknown}
 x - 2 scrolls of immolation {unknown}
 y - a scroll of noise {unknown}
 z - a scroll of silence {unknown}
 A - 2 scrolls of teleportation
 F - 3 scrolls of blinking {unknown}
 K - 4 scrolls of identify {unknown}
 L - a scroll of brand weapon {unknown}
 M - 2 scrolls of poison {unknown}
Potions
 e - 2 potions of might {unknown}
 i - 3 potions of curing
 j - a potion of resistance {unknown}
 k - 2 potions of cancellation {unknown}
 l - 2 potions of brilliance {unknown}
 p - 4 potions of degeneration {unknown}
 q - 2 potions of berserk rage {unknown}
 v - a potion of lignification {unknown}
 w - 2 potions of mutation {unknown}
 B - a potion of magic {unknown}
 E - a potion of flight {unknown}
 G - a potion of attraction {unknown}
 I - a potion of ambrosia {unknown}
 P - 4 potions of heal wounds {unknown}


   Skills:
 + Level 4.1(9.1) Fighting
 - Level 1.5(6.5) Long Blades
 - Level 1.0(6.0) Dodging
 - Level 1.0(6.0) Stealth
 * Level 12.0(17.0) Unarmed Combat
 - Level 2.0 Spellcasting
 - Level 1.0 Translocations


You had 11 spell levels left.
You knew the following spells:

 Your Spells              Type           Power      Damage    Failure   Level
A - Apportation           Tloc           4%         N/A       24%         1

Your spell library contained the following spells:

 Spells                   Type           Power      Damage    Failure   Level
 Gell's Gravitas          Tloc           2%         N/A       56%         3
 Kindle Blastsparks       Fire/Tloc/Air  2%         2d10      67%         3
 Frozen Ramparts          Ice            0%         1d1       71%         3
 Ignite Poison            Fire/Tmut/Pois 0%         N/A       71%         3
 Ice Form                 Ice/Tmut       0%         N/A       98%         4
 Alistair's Intoxication  Tmut/Pois      0%         N/A       100%        5
 Freezing Cloud           Conj/Ice/Air   0%         6-21      100%        5
 Summon Ice Beast         Ice/Summ       Unusable   N/A       N/A         4

Dungeon Overview and Level Annotations

Branches:
Dungeon (11/15) Zot: 26982  Temple (0/1) D:5
   Lair: D:8-11         Orc: D:9-12

Altars:
Ashenzari
Elyvilon
Kikubaaqudgha
Okawaru

Shops:
D:4 (

Annotations:
D:3 1 runed translucent door, Crazy Yiuf
D:10 1 transporter


Innate Abilities, Weirdness & Mutations

You are too large for most types of armour.
You have claws for hands.
Your natural rate of healing is unusually fast.
You are covered in fur. (AC +1)
You have tough skin. (AC +1)


Message History

There is a stone staircase leading up here.
You climb upwards.
The yak bellows! x4
Found an escape hatch in the floor.
There is a stone staircase leading down here.
The yak gores you. The yak gores you!
You climb downwards.
Level annotation: 1 transporter
There is a stone staircase leading up here.
The yak gores you. The yak gores you! The yak attacks as you move away!
The yak gores you but does no damage. The yak gores you!
The yak attacks as you move away! The yak barely misses you.
The yak attacks as you move away! The yak gores you.
The yak attacks as you move away! The yak closely misses you.
There is an open door here.
The yak attacks as you move away! The yak gores you!
* * * LOW HITPOINT WARNING * * *
The yak attacks as you move away! The yak gores you!
* * * LOW HITPOINT WARNING * * *
You gain the combat prowess of a mighty hero.
The yak gores you.
* * * LOW HITPOINT WARNING * * *
You claw the yak!
The yak is moderately wounded.
You mangle the yak!!
The yak is almost dead.
The yak gores you!
* * * LOW HITPOINT WARNING * * *
You feel better. The yak closely misses you.
You barely miss the yak.
The yak is almost dead.
The yak gores you.
* * * LOW HITPOINT WARNING * * *
You barely miss the yak.
The yak is almost dead.
You scratch the yak but do no damage.
The yak is almost dead.
The yak gores you!
You die...

#.......#
+.......#
#.......#
#.......+
#.......#
###'#####
#..# ##.#
#@# #Y#
###Y######
#........#
+........#
#........+
#........#
#........#
#..<.....#


You could see 2 yaks.

Vanquished Creatures
  A cyclops (D:11)
  An ugly thing (D:7)
  3 sky beasts
  Duvessa (D:7)
  2 ogres (D:5)
  2 ice beasts
  A centaur (D:10)
  A kobold brigand (D:7)
  A bullfrog (D:6)
  4 wights (D:6)
  Dowan (D:7)
  5 killer bees
  2 jellies
  A gnoll bouda (D:5)
  2 hounds
  Ijyb (D:4)
  Natasha (thrice) (D:2)
  2 orc wizards
  Robin (D:3)
  5 gnolls
  5 adders
  A shadow imp (D:8)
  A white imp (D:7)
  2 ufetubi
  A worm (D:4)
  3 dart slugs
  17 orcs
  5 ball pythons
  8 endoplasms
  7 giant cockroaches
  17 goblins
  6 hobgoblins
  6 jackals
  13 kobolds
  3 quokkas
  5 bats
  A frilled lizard (D:1)
  7 rats
148 creatures vanquished.

Notes
Turn   | Place    | Note
-------+----------+-------------------------------------------
     0 | D:1      | lessens the Troll Wanderer began the quest for the Orb.
     0 | D:1      | lessens set off with the following items: a +2 falchion, a
                  | +0 cloak, a scroll of vulnerability, a +0 robe; and the
                  | following spell memorised: Apportation; and the following
                  | spells available to memorise: Gell's Gravitas.
     0 | D:1      | Reached XP level 1. HP: 19/19 MP: 2/2
    70 | D:1      | Reached skill level 1 in Unarmed Combat
    94 | D:1      | Reached skill level 2 in Unarmed Combat
    94 | D:1      | Reached XP level 2. HP: 17/27 MP: 4/4
   485 | D:1      | Reached XP level 3. HP: 33/33 MP: 5/5
   618 | D:1      | Reached skill level 3 in Unarmed Combat
   678 | D:1      | Found a faded altar of an unknown god.
  1204 | D:2      | Reached XP level 4. HP: 41/41 MP: 6/6
  1460 | D:2      | Reached skill level 4 in Unarmed Combat
  1828 | D:3      | Noticed Robin
  1829 | D:3      | Noticed Natasha
  1889 | D:2      | Killed Natasha
  1934 | D:2      | Noticed Natasha
  1941 | D:2      | Killed Natasha
  1942 | D:2      | Reached XP level 5. HP: 40/48 MP: 7/7
  1959 | D:2      | Noticed Natasha
  1968 | D:2      | Killed Natasha
  1969 | D:2      | Reached skill level 5 in Unarmed Combat
  2077 | D:3      | Killed Robin
  2208 | D:3      | Noticed an ice beast
  2223 | D:3      | Killed an ice beast
  2224 | D:3      | Reached skill level 6 in Unarmed Combat
  2224 | D:3      | Reached XP level 6. HP: 55/55 MP: 8/8
  2738 | D:3      | Found a runed translucent door.
  2739 | D:3      | Noticed Crazy Yiuf
  2782 | D:4      | Noticed Ijyb
  2788 | D:4      | Killed Ijyb
  2848 | D:4      | Found Afutabau's Weapon Shop.
  3045 | D:4      | Found an iron altar of Okawaru.
  3045 | D:4      | Found a broken altar of Ashenzari.
  3045 | D:4      | Found an ancient bone altar of Kikubaaqudgha.
  3090 | D:4      | Became a worshipper of Warmaster Okawaru
  3355 | D:4      | Noticed a sky beast
  3373 | D:4      | Killed a sky beast
  3374 | D:4      | Reached skill level 7 in Unarmed Combat
  3512 | D:4      | Identified the +2 scale mail of Chimes {+Inv}
  3660 | D:5      | Entered Level 5 of the Dungeon
  3733 | D:5      | Reached XP level 7. HP: 33/62 MP: 9/9
  3810 | D:5      | Reached skill level 8 in Unarmed Combat
  3856 | D:5      | Found a staircase to the Ecumenical Temple.
  4040 | D:5      | Reached * piety under Okawaru
  4584 | D:6      | Reached skill level 9 in Unarmed Combat
  4643 | D:6      | Reached XP level 8. HP: 67/70 MP: 10/10
  4943 | D:7      | Reached skill level 10 in Unarmed Combat
  5095 | D:7      | Noticed a green ugly thing
  5106 | D:7      | Killed a green ugly thing
  5106 | D:7      | Reached ** piety under Okawaru
  5206 | D:7      | Noticed Dowan
  5210 | D:7      | Noticed Duvessa
  5520 | D:7      | Reached skill level 11 in Unarmed Combat
  5604 | D:7      | Killed Duvessa
  5609 | D:7      | Killed Dowan
  5610 | D:7      | Reached XP level 9. HP: 77/81 MP: 11/11
  5714 | D:7      | Found a white marble altar of Elyvilon.
  6288 | D:8      | You fall into a shaft and drop 3 floors!
  6295 | D:11     | Noticed a cyclops
  6315 | D:11     | Killed a cyclops
  6315 | D:11     | Reached *** piety under Okawaru
  6386 | D:10     | Entered Level 10 of the Dungeon
  6389 | D:10     | Found a transporter.
  6396 | D:10     | Reached skill level 12 in Unarmed Combat
  6440 | D:10     | HP: 2/84 [yak (15)]
  6444 | D:10     | Slain by a yak

Illustrated notes

Levels and vault maps discovered:
D:1:      minmay_arrival_jagged, layout_basic,
          hellmonk_ecumenical_altar_dog_temple, minmay_pentomino_t2
D:2:      layout_basic, grunt_decor_junction
D:3:      layout_loops_ring, uniq_crazy_yiuf_cottage, uniq_robin, uniq_natasha
D:4:      layout_loops_ring, gammafunk_temple_overflow_claw, serial_shops,
          nicolae_shop_bloodbath_and_beyond, uniq_ijyb
D:5:      layout_cave_pools, minmay_temple_entry_drinking_statues
D:6:      layout_rooms
D:7:      layout_basic, lemuel_doored_altar, uniq_duvessa
D:8:      layout_cave_pools, lightli_church_of_beogh
D:9:      minmay_s_stair_smasher, layout_rooms, erik_lair_dragon, david_orc_2
D:10:     layout_roguey, mainiacjoe_overflow_catwalk, nicolae_diode_quadrants
D:11:     layout_rooms, jiyva_altar_1

Skill      XL: |  1  2  3  4  5  6  7  8  9 |
---------------+----------------------------+-----
Unarmed Combat | 2 3 4 6 7 9 11 12 | 12.0
Fighting       | 3 4 |  4.1
Long Blades    | |  1.5
Dodging        | |  1.0
Stealth        | |  1.0
Spellcasting   | |  2.0
Translocations | |  1.0

Action                   |  1- 3 |  4- 6 |  7- 9 || total
-------------------------+-------+-------+-------++-------
Melee: Falchion          |    81 |       |       ||    81
       Unarmed           |    18 |   170 |   140 ||   328
       Punch             |       |     1 |     6 ||     7
Throw: Stone             |     1 |       |    14 ||    15
Invok: Heroism           |       |       |     2 ||     2
Evoke: Wand              |       |       |     3 ||     3
  Use: Potion            |       |     1 |     1 ||     2
       Scroll            |       |       |     1 ||     1
 Stab: Sleeping          |     2 |       |       ||     2
       Paralysed         |       |       |     4 ||     4
Armor: Robe              |    43 |    61 |    34 ||   138
Dodge: Dodged            |    42 |    77 |    61 ||   180

Table legend: (Time is in decaauts)
 A = Elapsed time spent in this place.
 B = Non-inter-level travel time spent in this place.
 C = Inter-level travel time spent in this place.
 D = Time resting spent in this place.
 E = Time spent auto-exploring this place.
 F = Levels seen in this place.
 G = Mean time per level.
                   A        B        C        D        E       F      G
               +--------+--------+--------+--------+--------+-----+--------+
         Total |   6420 |   5982 |    438 |    130 |   4713 |  11 |  583.6 |
       Dungeon |   6420 |   5982 |    438 |    130 |   4713 |  11 |  583.6 |
               +--------+--------+--------+--------+--------+-----+--------+

Top non-repeatable levels by time:
     D:7: 1107 daAuts
     D:1: 1009 daAuts
     D:2: 1001 daAuts
     D:4: 871 daAuts
     D:3: 779 daAuts
     D:5: 668 daAuts
     D:6: 614 daAuts
     D:8: 217 daAuts
    D:11: 96 daAuts
    D:10: 53 daAuts
     D:9: 2 daAuts
